IL
ROCHESTER RED WINGS @ TOLEDO MUD HENS
09/16/2099
 
TOP OF THE 1ST
Rochester Red Wings batting - Pitching for Toledo Mud Hens : LHP Justin Moye
Pitching: LHP Justin Moye
Batting: RHB Rogelio Rivera 0-0: Foul Ball, location: 3F
0-1: Ball
1-1: Fly out, F9 (Flyball, 89S, EV 76.3 MPH)
Batting: RHB Eric Harrell 0-0: Foul Ball, location: 2F
0-1: Fly out, F9 (Flyball, 9S, EV 86.9 MPH)
Batting: SHB Emanuel Sanchez 0-0: Foul Ball, location: 2F
0-1: SINGLE (Line Drive, 9S, EV 87.5 MPH)
Batting: RHB Dan Canseco 0-0: Swinging Strike
0-1: Foul Ball, location: 2F
0-2: Ball
1-2: Ball
2-2: Foul Ball, location: 9LSF
2-2: TRIPLE (Line Drive, 9LD, EV 109.4 MPH)
Emanuel Sanchez scores
Batting: RHB Brian Taylor 0-0: Swinging Strike
0-1: Ball
1-1: Swinging Strike
1-2: Ball
2-2: Foul Ball, location: 2F
2-2: Fly out, F8 (Flyball, 78M, EV 85.6 MPH)
Top of the 1st over - 1 run, 2 hits, 0 errors, 1 left on base; Rochester 1 - Toledo 0
BOTTOM OF THE 1ST
Toledo Mud Hens batting - Pitching for Rochester Red Wings : RHP Preston Berrie
Pitching: RHP Preston Berrie
Batting: LHB Mike Mendoza 0-0: Fly out, F8 (Line Drive, 8RD, EV 88.1 MPH)
Batting: RHB Chad Larson 0-0: Ground out 6-3 (Groundball, 6, EV 77.5 MPH)
Batting: LHB Jahiem Parker 0-0: Called Strike
0-1: Ball
1-1: Ball
2-1: Foul Ball, location: 9LMF
2-2: Ball
3-2: Base on Balls
Batting: LHB Nick Penix 0-0: Ball
1-0: Fly out, F8 (Flyball, 78D, EV 98.8 MPH)
Bottom of the 1st over - 0 runs, 0 hits, 0 errors, 1 left on base; Rochester 1 - Toledo 0
TOP OF THE 2ND
Rochester Red Wings batting - Pitching for Toledo Mud Hens : LHP Justin Moye
Batting: RHB Gene Homann 0-0: Called Strike
0-1: Ball
1-1: Foul Ball, location: 2RF
1-2: Fly out, F8 (Flyball, 78D, EV 78.8 MPH)
Batting: RHB Pablo Luna 0-0: Swinging Strike
0-1: Called Strike
0-2: Ball
1-2: SOLO HOME RUN (Flyball, 89XD, EV 102.5 MPH), Distance : 398 ft
Batting: SHB Jimmy Dressler 0-0: Ball
1-0: SINGLE (Groundball, 6MD, EV 81.9 MPH) (infield hit)
Batting: RHB Shane Cook 0-0: Grounds into double play, 6-4-3 (Groundball, 56, EV 80.0 MPH)
Top of the 2nd over - 1 run, 2 hits, 0 errors, 0 left on base; Rochester 2 - Toledo 0
BOTTOM OF THE 2ND
Toledo Mud Hens batting - Pitching for Rochester Red Wings : RHP Preston Berrie
Batting: LHB Justin Kenworthy 0-0: Ball
1-0: Called Strike
1-1: Ball
2-1: Ground out 4-3 (Groundball, 34D, EV 96.9 MPH)
Batting: RHB Jesus Mendoza 0-0: Ball
1-0: Ball
2-0: Fly out, F2 (Popup, 2R, EV 91.3 MPH)
Batting: LHB Chris Johnson 0-0: Ball
1-0: TRIPLE (Groundball, 3L, EV 102.5 MPH)
Batting: SHB Jim Hall 0-0: Ball
1-0: Foul Ball, location: 2F
1-1: Called Strike
1-2: Strikes out swinging
Bottom of the 2nd over - 0 runs, 1 hit, 0 errors, 1 left on base; Rochester 2 - Toledo 0
TOP OF THE 3RD
Rochester Red Wings batting - Pitching for Toledo Mud Hens : LHP Justin Moye
Batting: RHB Rogelio Rivera 0-0: Ball
1-0: Called Strike
1-1: Ball
2-1: DOUBLE (Groundball, 5L, EV 103.8 MPH)
Batting: RHB Eric Harrell 0-0: Foul Ball, location: 23F
0-1: Ball
1-1: Ball
2-1: Foul Ball, location: 7LDF
2-2: Fly out, F2 (Popup, 13S, EV 89.4 MPH)
Batting: SHB Emanuel Sanchez 0-0: Ball
1-0: Called Strike
1-1: Called Strike
1-2: Ball
2-2: Ball
3-2: Foul Ball, location: 2F
3-2: Foul Ball, location: 5F
3-2: Base on Balls
Batting: RHB Dan Canseco 0-0: Ball
1-0: Ball
2-0: Called Strike
2-1: Grounds into double play, 5-4-3 (Groundball, 56, EV 97.5 MPH)
Top of the 3rd over - 0 runs, 1 hit, 0 errors, 1 left on base; Rochester 2 - Toledo 0
BOTTOM OF THE 3RD
Toledo Mud Hens batting - Pitching for Rochester Red Wings : RHP Preston Berrie
Batting: LHB Tyler Chapman 0-0: Ball
1-0: Foul Ball, location: 7LDF
1-1: Fly out, F9 (Flyball, 9LM, EV 86.9 MPH)
Batting: LHB Mike Mendoza 0-0: Fly out, F9 (Flyball, 89M, EV 99.4 MPH)
Batting: RHB Chad Larson 0-0: Foul Ball, location: 23FF
0-1: Ball
1-1: Ball
2-1: Fly out, F8 (Flyball, 89D, EV 110.6 MPH)
Bottom of the 3rd over - 0 runs, 0 hits, 0 errors, 0 left on base; Rochester 2 - Toledo 0
TOP OF THE 4TH
Rochester Red Wings batting - Pitching for Toledo Mud Hens : LHP Justin Moye
Batting: RHB Brian Taylor 0-0: Called Strike
0-1: Foul Ball, location: 2F
0-2: Ball
1-2: Strikes out swinging
Batting: RHB Gene Homann 0-0: SINGLE (Groundball, 6MD, EV 101.9 MPH)
Batting: RHB Pablo Luna 0-0: Ball
1-0: Called Strike
1-1: Foul Ball, location: 9LMF
1-2: Ball
2-2: Ball
3-2: Grounds into double play, 5-4-3 (Groundball, 56S, EV 78.1 MPH)
Top of the 4th over - 0 runs, 1 hit, 0 errors, 0 left on base; Rochester 2 - Toledo 0
BOTTOM OF THE 4TH
Toledo Mud Hens batting - Pitching for Rochester Red Wings : RHP Preston Berrie
Batting: LHB Jahiem Parker 0-0: Swinging Strike
0-1: Ball
1-1: Ball
2-1: Ground out 4-3 (Groundball, 34, EV 90.6 MPH)
Batting: LHB Nick Penix 0-0: Ball
1-0: Called Strike
1-1: Ball
2-1: Ball
3-1: Fly out, F7 (Flyball, 78XD, EV 86.9 MPH)
Batting: LHB Justin Kenworthy 0-0: SOLO HOME RUN (Flyball, 9D, EV 92.5 MPH), Distance : 359 ft
Batting: RHB Jesus Mendoza 0-0: DOUBLE (Line Drive, 9LS, EV 106.3 MPH)
Batting: LHB Chris Johnson 0-0: Called Strike
0-1: Ball
1-1: Ball
2-1: Called Strike
2-2: Strikes out swinging
Bottom of the 4th over - 1 run, 2 hits, 0 errors, 1 left on base; Rochester 2 - Toledo 1
TOP OF THE 5TH
Rochester Red Wings batting - Pitching for Toledo Mud Hens : LHP Justin Moye
Batting: SHB Jimmy Dressler 0-0: Ground out 6-3 (Groundball, 6, EV 106.9 MPH)
Batting: RHB Shane Cook 0-0: Ball
1-0: Called Strike
1-1: Ball
2-1: Foul Ball, location: 2F
2-2: Foul Ball, location: 9LDF
2-2: Strikes out swinging
Batting: RHB Rogelio Rivera 0-0: SINGLE (Line Drive, 4MD, EV 103.1 MPH)
Batting: RHB Eric Harrell 0-0: Ball
1-0: Ball
Wild Pitch!
Rogelio Rivera to second
2-0: Ball
3-0: Base on Balls
Batting: SHB Emanuel Sanchez 0-0: Ball
1-0: Called Strike
1-1: Swinging Strike
1-2: Ball
2-2: Ball
3-2: Foul Ball, location: 9LMF
3-2: Base on Balls
Rogelio Rivera to third
Eric Harrell to second
Batting: RHB Dan Canseco 0-0: Called Strike
0-1: Swinging Strike
0-2: Ball
1-2: Fly out, F3 (Popup, 3SF, EV 83.1 MPH)
Top of the 5th over - 0 runs, 1 hit, 0 errors, 3 left on base; Rochester 2 - Toledo 1
BOTTOM OF THE 5TH
Toledo Mud Hens batting - Pitching for Rochester Red Wings : RHP Preston Berrie
Batting: SHB Jim Hall 0-0: Foul Ball, location: 25F
0-1: Foul Ball, location: 3FF
0-2: Fly out, F7 (Flyball, 78M, EV 93.1 MPH)
Batting: LHB Tyler Chapman 0-0: Foul Ball, location: 2F
0-1: Called Strike
0-2: Foul Ball, location: 2F
0-2: Ball
1-2: Strikes out swinging
Batting: LHB Mike Mendoza 0-0: Ball
1-0: Swinging Strike
1-1: Ball
2-1: Ball
3-1: Base on Balls
Batting: RHB Chad Larson 0-0: Ball
1-0: DOUBLE (Flyball, 8LXD, EV 108.8 MPH)
Mike Mendoza to third
Pinch Runner at 2nd Joe Burgoon:
Batting: LHB Jahiem Parker 0-0: Ball
1-0: Called Strike
1-1: Ball
2-1: Ball
3-1: Base on Balls
Batting: LHB Nick Penix 0-0: Ball
1-0: Ball
2-0: Ball
3-0: Called Strike
3-1: Foul Ball, location: 5DF
3-2: DOUBLE (Line Drive, 78D, EV 105.0 MPH)
Mike Mendoza scores
Joe Burgoon scores
Jahiem Parker to third
Jahiem Parker scores
Pitching: RHP Danny Nunez
Batting: LHB Justin Kenworthy 0-0: Ball
1-0: Ball
2-0: Foul Ball, location: 7LSF
2-1: Ball
3-1: Foul Ball, location: 7LMF
3-2: SINGLE (Line Drive, 7S, EV 105.6 MPH)
Nick Penix to third
Runner from 3rd tries for Home, SAFE, throw by LF to home
Batting: RHB Jesus Mendoza 0-0: Ball
Justin Kenworthy steals 2nd base
1-0: Fly out, F4 (Popup, 4, EV 75.6 MPH)
Bottom of the 5th over - 4 runs, 3 hits, 0 errors, 1 left on base; Rochester 2 - Toledo 5
TOP OF THE 6TH
Rochester Red Wings batting - Pitching for Toledo Mud Hens : LHP Justin Moye
Now in LF: Joe Burgoon
Batting: RHB Brian Taylor 0-0: Called Strike
0-1: Ball
1-1: Swinging Strike
1-2: Foul Ball, location: 2F
1-2: Foul Ball, location: 2F
1-2: Fly out, F9 (Flyball, 9D, EV 96.9 MPH)
Batting: RHB Gene Homann 0-0: Ball
1-0: Fly out, F9 (Flyball, 9S, EV 88.8 MPH)
Batting: RHB Pablo Luna 0-0: Called Strike
0-1: Ball
1-1: Foul Ball, location: 7LMF
1-2: Foul Ball, location: 5SF
1-2: Ball
2-2: Fly out, F8 (Flyball, 8RXD, EV 91.9 MPH)
Top of the 6th over - 0 runs, 0 hits, 0 errors, 0 left on base; Rochester 2 - Toledo 5
BOTTOM OF THE 6TH
Toledo Mud Hens batting - Pitching for Rochester Red Wings : RHP Danny Nunez
Batting: LHB Chris Johnson 0-0: Ball
1-0: Called Strike
1-1: Swinging Strike
1-2: Ball
2-2: Fly out, F9 (Flyball, 89M, EV 74.4 MPH)
Batting: SHB Jim Hall 0-0: Swinging Strike
0-1: Ball
1-1: Called Strike
1-2: Foul Ball, location: 7LSF
1-2: Ball
2-2: Ground out 4-3 (Groundball, 4, EV 85.6 MPH)
Batting: LHB Tyler Chapman 0-0: Called Strike
0-1: Ball
1-1: DOUBLE (Flyball, 8RXD, EV 94.4 MPH)
Pitching: LHP Nick Long
Batting: LHB Mike Mendoza 0-0: Ground out 4-3 (Groundball, 4, EV 107.5 MPH)
Bottom of the 6th over - 0 runs, 1 hit, 0 errors, 1 left on base; Rochester 2 - Toledo 5
TOP OF THE 7TH
Rochester Red Wings batting - Pitching for Toledo Mud Hens : LHP Justin Moye
Batting: SHB Jimmy Dressler 0-0: Ball
1-0: Ball
2-0: Ball
3-0: Called Strike
3-1: Called Strike
3-2: Fly out, F9 (Flyball, 89S, EV 85.6 MPH)
Batting: RHB Shane Cook 0-0: Called Strike
0-1: Ball
1-1: SINGLE (Line Drive, 6M, EV 95.6 MPH)
Pitching: RHP Bob Miller
Batting: RHB Rogelio Rivera 0-0: Ball
1-0: Swinging Strike
1-1: DOUBLE (Line Drive, 9LM, EV 105.0 MPH)
Shane Cook to third
Shane Cook scores
Batting: RHB Eric Harrell 0-0: Foul Ball, location: 25FF
0-1: Foul Ball, location: 2F
0-2: Ball
1-2: Ball
2-2: Strikes out swinging
Batting: SHB Emanuel Sanchez 0-0: Fly out, F8 (Flyball, 8LD, EV 110.0 MPH)
Top of the 7th over - 1 run, 2 hits, 0 errors, 1 left on base; Rochester 3 - Toledo 5
BOTTOM OF THE 7TH
Toledo Mud Hens batting - Pitching for Rochester Red Wings : LHP Nick Long
Batting: RHB Joe Burgoon 0-0: Foul Ball, location: 9LSF
0-1: Called Strike
0-2: Fly out, F9 (Flyball, 9, EV 100.0 MPH)
Batting: LHB Jahiem Parker 0-0: Foul Ball, location: 7LMF
0-1: Swinging Strike
0-2: Ball
1-2: Ball
2-2: Strikes out looking
Pitching: LHP Jesse Allen
Batting: LHB Nick Penix 0-0: Ground out 4-3 (Groundball, 4M, EV 86.3 MPH)
Bottom of the 7th over - 0 runs, 0 hits, 0 errors, 0 left on base; Rochester 3 - Toledo 5
TOP OF THE 8TH
Rochester Red Wings batting - Pitching for Toledo Mud Hens : RHP Bob Miller
Batting: RHB Dan Canseco 0-0: Foul Ball, location: 2F
0-1: Swinging Strike
0-2: Ball
1-2: Foul Ball, location: 2F
1-2: Ball
2-2: Foul Ball, location: 9LSF
2-2: Strikes out swinging
Batting: RHB Brian Taylor 0-0: Ball
1-0: Ball
2-0: Ball
3-0: Called Strike
3-1: Foul Ball, location: 2F
3-2: SOLO HOME RUN (Flyball, 7LD, EV 93.1 MPH), Distance : 349 ft
Batting: RHB Gene Homann 0-0: Swinging Strike
0-1: Ball
1-1: Swinging Strike
1-2: Strikes out looking
Batting: RHB Pablo Luna 0-0: Called Strike
0-1: Foul Ball, location: 3F
0-2: Ball
1-2: Strikes out swinging
Top of the 8th over - 1 run, 1 hit, 0 errors, 0 left on base; Rochester 4 - Toledo 5
BOTTOM OF THE 8TH
Toledo Mud Hens batting - Pitching for Rochester Red Wings : LHP Jesse Allen
Batting: LHB Justin Kenworthy 0-0: Called Strike
0-1: SINGLE (Line Drive, 4MD, EV 108.1 MPH)
Pitching: RHP Nick Stubbs
Batting: RHB Jesus Mendoza 0-0: Foul Ball, location: 5DF
0-1: Ball
1-1: Called Strike
1-2: Ball
2-2: Hit by Pitch
Justin Kenworthy to second
Pitching: RHP Nick Bruhl
Batting: LHB Chris Johnson 0-0: Ball
1-0: Ball
2-0: Called Strike
2-1: Foul Ball, location: 7LSF
2-2: Strikes out swinging
Batting: SHB Jim Hall 0-0: Fly out, F7 (Flyball, 78M, EV 93.8 MPH)
Batting: LHB Tyler Chapman 0-0: Ball
1-0: Called Strike
1-1: Swinging Strike
1-2: Foul Ball, location: 2F
1-2: Ball
2-2: SINGLE (Flyball, 9S, EV 95.0 MPH)
Justin Kenworthy to third
Jesus Mendoza to second
Runner from 3rd tries for Home, SAFE, throw by RF to home
Batting: LHB Mike Mendoza 0-0: Called Strike
0-1: Ball
1-1: Ball
2-1: Foul Ball, location: 9LSF
2-2: Ball
3-2: Fly out, F5 (Popup, 56S, EV 88.1 MPH)
Bottom of the 8th over - 1 run, 2 hits, 0 errors, 2 left on base; Rochester 4 - Toledo 6
TOP OF THE 9TH
Rochester Red Wings batting - Pitching for Toledo Mud Hens : RHP Bob Miller
Batting: SHB Jimmy Dressler 0-0: Ground out 4-3 (Groundball, 4MS, EV 93.1 MPH)
Pinch Hitting: LHB Bobby Jones 0-0: Ball
1-0: Ball
2-0: Fly out, F7 (Flyball, 7D, EV 109.4 MPH)
Batting: RHB Rogelio Rivera 0-0: Foul Ball, location: 2F
0-1: Ball
1-1: Ground out 5-3 (Groundball, 56S, EV 82.5 MPH)
Top of the 9th over - 0 runs, 0 hits, 0 errors, 0 left on base; Rochester 4 - Toledo 6
Wednesday, May 15th , 2024 - OOTP Baseball 24.11 Build 85